Map: Deathaura LE

Players

Cham

  • Race: Zerg Zerg
  • League: Grandmaster
  • Spawn Location: 5:00

SpeCial - Winner!

  • Race: Terran Terran
  • League: Master
  • Spawn Location: 11:00

Event: DreamHack SC2 Masters 2020 Fall

VOD

Have the link to the VOD?

Description

Time

  • Played on: Aug. 29, 2020, 4:37 p.m.
  • Length: 9:49

All games in this series

Show
View Real Time Build Order
Export as new Build Order

Cham Zerg 

Build Orders: Hatch First, Muta Ling Bane 

Get SALT Encoding   

  12  0:00  Drone  
  13  0:11  Drone  
  14  0:17  Overlord  
  14  0:35  Drone x2  
  16  0:49  Hatchery  
  15  0:54  Drone  
  16  1:01  Drone  
  18  1:04  Drone  
  18  1:18  Spawning Pool, Extractor  
  17  1:21  Drone  
  17  1:23  Drone  
  18  1:29  Drone  
  19  1:41  Drone  
  20  1:50  Overlord  
  20  2:04  Queen x2  
  20  2:05  Zergling x4  
  26  2:13  Drone x2  
  28  2:19  Metabolic Boost  
  28  2:23  Drone  
  28  2:24  Drone  
  30  2:38  Hatchery  
  30  2:42  Spore Crawler  
  28  2:49  Queen  
  28  2:50  Drone  
  32  2:54  Drone x2  
  34  3:02  Drone x2  
  34  3:05  Overlord  
  36  3:11  Overlord  
  36  3:24  Drone  
  36  3:25  Drone  
  36  3:26  Drone x3  
  41  3:28  Queen  
  41  3:32  Drone  
  44  3:36  Drone  
  44  3:39  Overlord  
  45  3:48  Zergling x2  
  45  3:49  Zergling x4  
  45  3:50  Drone x3  
  45  3:51  Queen  
  45  3:54  Lair  
  53  3:56  Extractor  
  53  3:59  Overlord  
  52  4:04  Drone x3  
  52  4:05  Drone  
  52  4:07  Drone  
  57  4:17  Drone  
  57  4:18  Drone x3  
  57  4:23  Queen  
  57  4:24  Baneling Nest  
  61  4:26  Overlord, Drone  
  61  4:28  Spine Crawler  
  61  4:33  Zergling x4  
  61  4:34  Zergling x2  
  61  4:35  Zergling x2  
  65  4:44  Overlord x2, Queen  
  65  4:52  Drone x3  
  68  4:57  Drone  
  68  4:58  Drone  
  69  5:02  Drone  
  69  5:03  Drone x2  
  69  5:04  Drone x4  
  76  5:08  Drone  
  76  5:18  Spire  
  76  5:20  Extractor x2  
  73  5:22  Drone x3  
  73  5:23  Drone  
  73  5:25  Drone  
  73  5:26  Drone  
  73  5:28  Drone, Extractor x2  
  77  5:31  Drone  
  77  5:33  Drone  
  80  5:37  Overlord  
  80  5:40  Drone x3  
  80  5:41  Spore Crawler  
  82  5:43  Drone  
  82  5:47  Hatchery  
  82  5:51  Drone x2  
  84  5:58  Drone  
  84  5:59  Drone x2  
  84  6:00  Drone x2  
  84  6:01  Overlord  
  84  6:03  Overlord  
  89  6:06  Drone x2  
  89  6:09  Overlord  
  91  6:12  Evolution Chamber  
  91  6:13  Evolution Chamber  
  91  6:16  Overlord  
  89  6:19  Overlord  
  89  6:30  Mutalisk x7  
  103  6:34  Mutalisk  
  103  6:35  Mutalisk  
  103  6:38  Zergling x14  
  114  6:44  Mutalisk  
  115  6:53  Mutalisk x2  
  112  6:56  Zergling x2  
  109  7:06  Drone x2  
  109  7:07  Drone x3  
  107  7:09  Drone x2  
  107  7:16  Drone  
  107  7:20  Centrifical Hooks  
  107  7:22  Drone x2  
  110  7:26  Zerg Melee Weapons Level 1  
  110  7:27  Drone  
  110  7:28  Hatchery  
  110  7:30  Overlord, Drone  
  110  7:36  Drone  
  112  7:41  Mutalisk x3  
  112  7:43  Zergling x2  
  112  7:44  Zergling x2  
  120  7:50  Mutalisk  
  122  7:53  Overlord  
  122  7:54  Zergling x2  
  123  8:05  Mutalisk x2  
  123  8:06  Mutalisk  
  123  8:09  Drone x3  
  132  8:14  Drone  
  132  8:17  Overlord  
  132  8:18  Drone  
  132  8:19  Drone x3  
  137  8:25  Zergling x8  
  141  8:32  Mutalisk  
  141  8:36  Zergling x4  
  141  8:38  Zergling x6  
  141  8:39  Zergling x2  
  147  8:44  Zergling x2  
  147  8:47  Zergling x2  
  139  8:52  Zergling x2  
  133  8:56  Zergling x16  
  133  8:58  Baneling x8  
  133  9:00  Baneling x2  
  140  9:06  Overlord x2  
  138  9:12  Overlord  
  138  9:15  Baneling  
  135  9:18  Overlord  
  135  9:21  Baneling Nest  
  113  9:42  Extractor  
  113  9:43  Extractor  
Show
View Real Time Build Order
Export as new Build Order

SpeCial Terran - Winner!

Build Orders: Liberator Opening, Reaper Expand 

Get SALT Encoding   

  12  0:00  SCV  
  13  0:12  SCV  
  14  0:17  Supply Depot  
  14  0:24  SCV  
  15  0:38  SCV  
  15  0:39  Barracks  
  16  0:43  Refinery  
  16  0:50  SCV  
  17  1:02  SCV  
  18  1:14  SCV  
  19  1:27  Reaper, Orbital Command  
  20  1:38  Command Center  
  20  1:46  Supply Depot  
  20  1:53  SCV  
  21  1:59  Marine  
  22  2:03  Factory  
  22  2:05  SCV  
  23  2:10  Refinery  
  23  2:17  SCV  
  23  2:20  Barracks Reactor  
  25  2:30  SCV  
  25  2:42  SCV  
  26  2:48  Starport  
  26  2:51  Orbital Command  
  26  2:54  SCV  
  27  3:01  Hellion x2  
  27  3:03  Marine  
  32  3:06  SCV  
  33  3:18  SCV x2, Supply Depot  
  35  3:23  Hellion  
  35  3:24  Hellion  
  35  3:25  Barracks Tech Lab  
  39  3:28  Liberator  
  39  3:33  SCV x2  
  44  3:42  Supply Depot  
  44  3:44  Stimpack  
  44  3:47  SCV x2  
  47  3:52  Hellion x2  
  50  3:59  SCV x2  
  52  4:09  Command Center  
  52  4:14  Marine  
  52  4:16  SCV x2  
  55  4:23  Starport Reactor, Barracks  
  55  4:25  Factory Reactor  
  55  4:28  SCV, Barracks  
  55  4:29  SCV  
  57  4:32  Marine  
  57  4:34  Supply Depot  
  58  4:40  SCV  
  58  4:41  SCV  
  60  4:50  Marine  
  62  4:52  SCV  
  62  4:58  SCV  
  63  5:02  Engineering Bay  
  63  5:03  Engineering Bay  
  63  5:04  Supply Depot  
  63  5:05  SCV  
  64  5:07  Marine  
  64  5:11  SCV  
  66  5:15  Refinery, Factory Tech Lab  
  66  5:16  Refinery  
  66  5:19  Marine x2  
  66  5:20  Medivac x2  
  72  5:24  Orbital Command  
  72  5:25  Marine  
  72  5:26  SCV x2, Combat Shield  
  75  5:30  Marine x2  
  77  5:36  Terran Infantry Weapons Level 1, Terran Infantry Armor Level 1  
  77  5:37  Marine  
  77  5:40  SCV  
  77  5:42  SCV  
  80  5:43  Marine x2  
  80  5:45  Orbital Command  
  80  5:48  Marine  
  80  5:49  Siege Tank  
  86  5:54  Marine x2  
  88  5:58  Supply Depot  
  88  6:00  Marine  
  88  6:01  Marine  
  88  6:02  SCV x2  
  92  6:06  Marine  
  93  6:17  Supply Depot  
  93  6:19  SCV x3, Medivac, Marine x3  
  93  6:20  Supply Depot  
  101  6:28  Marine  
  101  6:32  Barracks  
  101  6:34  Barracks  
  101  6:38  SCV x3, Medivac, Marine x3  
  109  6:42  Marine  
  109  6:43  Siege Tank  
  113  6:50  SCV x2  
  113  6:51  SCV  
  113  6:52  Marine  
  116  6:56  Marine  
  116  6:58  Marine  
  111  7:01  Medivac  
  111  7:02  SCV  
  111  7:04  SCV  
  111  7:07  Marine  
  111  7:08  Medivac  
  106  7:12  SCV, Missile Turret  
  106  7:14  SCV  
  106  7:15  Missile Turret, Siege Tank  
  100  7:16  Armory, Supply Depot  
  100  7:18  Missile Turret  
  100  7:22  Barracks Reactor x2, Marine x4  
  102  7:23  Missile Turret  
  102  7:26  Refinery, Marine  
  105  7:30  Factory  
  105  7:40  Marine x4  
  109  7:44  Marine  
  109  7:47  SCV x3  
  109  7:50  Widow Mine  
  115  7:58  Marine x6  
  118  8:02  Marine  
  123  8:08  Barracks Reactor  
  121  8:14  Factory Reactor  
  121  8:15  Marine  
  121  8:16  Marine x3  
  121  8:17  Marine x2, Thor  
  133  8:30  Supply Depot x2, Marine  
  133  8:33  Marine  
  133  8:41  Marine  
  133  8:42  Marine x2  
  133  8:43  Marine x2  
  133  8:47  Marine x2  
  124  8:48  Marine  
  124  8:51  Marine  
  124  8:52  Widow Mine x2  
  124  8:59  Marine  
  124  9:00  Marine x3  
  124  9:01  Marine  
  125  9:05  Marine x2  
  125  9:06  Marine  
  125  9:09  Marine  
  129  9:16  Widow Mine x2  
  126  9:17  Marine x2  
  126  9:18  Marine x2  
  126  9:19  Marine  
  126  9:22  Marine x2  
  128  9:24  Marine  
  128  9:27  Marine  
  128  9:31  SCV x2  

Tags
 
Add a new tag
Caveats
  • Supply blocks, unpowered buildings, or Contaminate may cause inaccurate times.
  • Supply counts are checked every 10 seconds.